[Event "Portuguese-ch U10-12 2022"]
[Site "Fatima"]
[Date "2022.04.13"]
[Round "6.4"]
[White "Tarelho, Bruna Silva"]
[Black "Cymbron, Victoria"]
[Result "0-1"]
[ECO "B10"]
[WhiteElo "1187"]
[BlackElo "1494"]
[Annotator "NA RC"]
[PlyCount "116"]
[EventDate "2022.04.10"]
[EventType "swiss"]
[EventCountry "POR"]
[SourceTitle "playchess.com"]
[Source "ChessBase"]
[SourceQuality "1"]
[TimeControl "5400+30"]

1. e4 c6 2. Nf3 d5 3. Nc3 dxe4 4. Nxe4 Bf5 5. Ng3 Bg6 6. h4 h6 7. Ne5 Bh7 8. Qh5 g6 9. Bc4 e6 10. Qe2 Qe7 11. c3 Bg7 12. Nf3 Nd7 13. d4 Ngf6 14. Be3 Nd5 15. Bb3 N7b6 16. O-O-O O-O-O 17. Bd2 Qc7 18. Rhe1 Nf4 19. Bxf4 Qxf4+ 20. Qd2 Qxd2+ 21. Nxd2 g5 22. Nh5 Rhg8 23. hxg5 hxg5 24. g4 Nd5 25. Bxd5 cxd5 26. Nf3 Be4 27. Ng1 Kb8 28. f3 Bg6 29. Nxg7 Rxg7 30. Nh3 Rh7 31. Nxg5 Rh2 32. Rd2 Rdh8 33. Rde2 b5 34. Kd2 a5 35. Rxh2 Rxh2+ 36. Re2 Rh1 37. a3 Kc7 38. f4 Rg1 39. f5 exf5 40. gxf5 Rxg5 41. fxg6 fxg6 42. Rf2 Rf5 43. Rxf5 gxf5 44. Ke3 Kd6 45. b3 Ke6 46. Kf3 Kf7 47. c4 dxc4 48. bxc4 bxc4 49. d5 c3 50. Ke3 f4+ 51. Kd3 f3 52. Kxc3 f2 53. Kc4 f1=Q+ 54. Kc5 Ke7 55. Kb6 Kd6 56. Kxa5 Kc5 57. a4 Qf8 58. Ka6 Qa8# 0-1

[Event "Portuguese-ch U10-12 2022"]
[Site "Fatima"]
[Date "2022.04.13"]
[Round "6.5"]
[White "Pinto, Jose Joao Meireles A"]
[Black "Vicente, Joao Vasco Reis"]
[Result "0-1"]
[ECO "D02"]
[WhiteElo "1288"]
[BlackElo "2092"]
[Annotator "NA RC"]
[PlyCount "116"]
[EventDate "2022.04.10"]
[EventType "swiss"]
[EventCountry "POR"]
[SourceTitle "playchess.com"]
[Source "ChessBase"]
[SourceQuality "1"]
[TimeControl "5400+30"]

1. d4 Nf6 2. Bf4 d5 3. Nf3 g6 4. h3 Bg7 5. e3 O-O 6. Be2 Be6 7. Nbd2 Nbd7 8. O-O c5 9. c3 c4 10. Ng5 h6 11. Nxe6 fxe6 12. Qc2 g5 13. Bg3 Nh7 14. Bf3 Kh8 15. e4 Ndf6 16. b3 b5 17. bxc4 bxc4 18. exd5 exd5 19. Nxc4 $2 dxc4 20. Bxa8 Qxa8 21. Qe2 Ne4 22. Qe3 Nhf6 23. Bh2 $1 Re8 ({Black should try} 23... g4 $15) 24. f3 (24. Rfe1 {might be stronger.}) 24... Nd6 25. f4 (25. Rae1 $1 $11) 25... Nd5 26. Qc1 (26. Qe6 $17 {is a better defense.} g4 27. hxg4 Nxc3 28. Rae1) 26... Nb5 27. Rf3 Ndxc3 28. Rxc3 Bxd4+ {[%emt 0:00:30] Pin, Double Attack} 29. Kh1 Nxc3 30. Qd2 Bf6 31. fxg5 Ne4 32. Qe1 Bxa1 33. Qxa1+ c3 34. Be5+ Kg8 35. Bxc3 Nxc3 36. gxh6 Qc6 37. Qc1 Qf6 38. g4 Rf8 39. Kg2 Qf3+ 40. Kh2 Qf2+ 41. Kh1 Qf1+ 42. Qxf1 Rxf1+ 43. Kg2 Rf6 44. g5 Rg6 45. h4 Ne4 46. Kh3 Nxg5+ 47. hxg5 Rxg5 48. Kh4 Rg6 49. Kh5 Kh7 50. Kh4 Kxh6 51. a4 Kg7 52. a5 Kf6 53. Kh5 Rg8 54. a6 e6 55. Kh4 Kf5 56. Kh3 Kf4 57. Kh2 Kf3 58. Kh1 Kf2 0-1

[Event "Portuguese-ch U10-12 2022"]
[Site "Fatima"]
[Date "2022.04.13"]
[Round "6.6"]
[White "Savchenko, Alexandr"]
[Black "Frolov, Ilya"]
[Result "0-1"]
[ECO "A46"]
[WhiteElo "2130"]
[BlackElo "1271"]
[Annotator "TA"]
[PlyCount "49"]
[EventDate "2022.04.10"]
[EventType "swiss"]
[EventCountry "POR"]
[SourceTitle "playchess.com"]
[Source "ChessBase"]
[SourceQuality "1"]
[TimeControl "5400+30"]

1. d4 Nf6 2. Nf3 e6 3. Bf4 d5 4. c3 c5 5. e3 Nc6 6. Nbd2 Be7 {[%emt 0:02:58] Recently 6...cxd4 got a lot of attention.} 7. h3 h6 {[%emt 0:05:45] [#] D02: 1 d4 d5 2 Nf3 sidelines, including 2...Nf6 3 g3 and 2...Nf6 3 Bf4.} 8. Bb5 $146 ({Predecessor:} 8. Bd3 c4 9. Bc2 b5 10. a3 O-O 11. g4 Nd7 12. h4 g6 13. Bxh6 Re8 14. Bf4 {1-0 (24) Grachev,B (2615)-Cunha,L (2290) Chess.com INT 2021}) 8... Bd7 9. O-O O-O {[%emt 0:00:08][%cal Oc6d4] The position is equal.} 10. Re1 {[%emt 0:00:09] [#]} (10. Ba4 $14 {keeps the upper hand.}) 10... a6 ({Black should play} 10... Nxd4 $1 $17 11. exd4 (11. Nxd4 cxd4 12. Bxd7 dxc3 $17) (11. Bd3 Nxf3+) 11... Bxb5) 11. Ba4 $14 b5 12. Bc2 b4 13. Ba4 bxc3 14. bxc3 Qa5 15. Bc2 Qxc3 16. Rb1 (16. Rc1 $142 Qa3 17. Ne5) 16... Qa5 (16... c4 $17 {And now ...Nb4 would win.} 17. Ne5 Ra7 18. Nxc6 Bxc6) 17. Nb3 $15 {[%emt 0:02:26][%mdl 64] Deflection} Qd8 (17... Qa3 $15 18. Nxc5 Bxc5 19. dxc5 Qxc5) 18. Nxc5 $14 Bxc5 19. dxc5 Qa5 20. Bd6 {[%emt 0:00:45] This bishop pair is nice.} Rfd8 21. Qd3 ({Better is} 21. Rb7 $14) 21... Ne4 $1 $15 22. Nd2 $2 {[%emt 0:02:10][%mdl 8192] Now White is beyond hope.} Qxd2 $19 23. Qxd2 Nxd2 24. Rb7 Nc4 25. Bc7 {[%emt 0:00:32] Weighted Error Value: White=0.73/Black=0.37} 0-1

[Event "Portuguese-ch U10-12 2022"]
[Site "Fatima"]
[Date "2022.04.13"]
[Round "6.7"]
[White "Moldovan, Lucas Gabriel"]
[Black "Adhya, Havir"]
[Result "1-0"]
[ECO "C54"]
[WhiteElo "1575"]
[BlackElo "1216"]
[Annotator "NA RC"]
[PlyCount "69"]
[EventDate "2022.04.10"]
[EventType "swiss"]
[EventCountry "POR"]
[SourceTitle "playchess.com"]
[Source "ChessBase"]
[SourceQuality "1"]
[TimeControl "5400+30"]

1. e4 e5 2. Nf3 Nc6 3. Bc4 Bc5 4. c3 Nf6 5. d3 d6 6. O-O h6 7. Re1 Be6 8. Bb3 O-O 9. Bc2 Ne7 10. d4 exd4 11. cxd4 Bb4 12. Bd2 Bxd2 13. Nbxd2 Ng6 14. Nf1 c6 15. Ng3 Re8 16. Bb3 Qb6 17. Bxe6 fxe6 18. Qc2 d5 19. e5 Ne4 20. Nxe4 dxe4 21. Qxe4 Ne7 22. Nd2 Qxb2 23. Nc4 Qc3 24. Rec1 Qb4 25. Rab1 Qa4 26. Qg4 Nf5 27. Rxb7 Rab8 28. Qg6 c5 29. Rxb8 Rxb8 30. Qxe6+ Kh8 31. Qxf5 cxd4 32. h4 Qxa2 33. e6 Re8 34. e7 Qa4 35. Nd6 1-0

[Event "Portuguese-ch U10-12 2022"]
[Site "Fatima"]
[Date "2022.04.13"]
[Round "6.8"]
[White "Filipe, Gustavo Castro"]
[Black "Castro, Daniel De Freitas"]
[Result "1/2-1/2"]
[ECO "B76"]
[WhiteElo "1401"]
[BlackElo "2036"]
[Annotator "RC"]
[PlyCount "78"]
[EventDate "2022.04.10"]
[EventType "swiss"]
[EventCountry "POR"]
[SourceTitle "playchess.com"]
[Source "ChessBase"]
[SourceQuality "1"]
[TimeControl "5400+30"]

1. e4 c5 2. Nf3 d6 3. d4 cxd4 4. Nxd4 Nf6 5. Nc3 g6 6. Be3 Bg7 7. f3 O-O 8. Qd2 Nc6 9. O-O-O d5 10. Qe1 e6 11. h4 Qc7 12. Ncb5 Qa5 13. Nxc6 Qxa2 14. Ne7+ Kh8 15. Bd4 Bd7 16. Qc3 Nh5 17. Bxg7+ Nxg7 18. exd5 exd5 19. b3 Bxb5 20. Nxg6+ fxg6 21. Bxb5 Rac8 22. Qb2 Qxb2+ 23. Kxb2 Rc5 24. Bd7 Rf7 25. Bg4 Nf5 26. Bxf5 Rxf5 27. Rhe1 Kg7 28. Rd2 Rf4 29. Rde2 Rf6 30. Re5 b6 31. Rd1 Rf5 32. Rxf5 gxf5 33. Re1 Kf7 34. g4 h6 35. c3 fxg4 36. fxg4 a5 37. Rf1+ Kg7 38. g5 hxg5 39. hxg5 d4 1/2-1/2

[Event "Portuguese-ch U10-12 2022"]
[Site "Fatima"]
[Date "2022.04.14"]
[Round "7.1"]
[White "Da Silva, Daniel Leite"]
[Black "Farias, David"]
[Result "1-0"]
[ECO "A37"]
[WhiteElo "2023"]
[BlackElo "1894"]
[Annotator "TA"]
[PlyCount "96"]
[EventDate "2022.04.10"]
[EventType "swiss"]
[EventCountry "POR"]
[SourceTitle "playchess.com"]
[Source "ChessBase"]
[SourceQuality "1"]
[TimeControl "5400+30"]

1. c4 c5 2. g3 Nc6 3. Bg2 g6 4. Nc3 Bg7 5. Nf3 e5 6. O-O Nge7 7. a3 f5 {[%emt 0:13:43] A37: Symmetrical English vs ...g6: 4 Bg2 Bg7 5 Nf3.} 8. Rb1 O-O 9. b4 d6 {[%emt 0:05:40] The position is equal.} 10. Ne1 cxb4 (10... Rb8 $11) 11. axb4 $14 Be6 {[%emt 0:01:48] [#]} 12. Bd5 $146 (12. b5 $14 Na5 13. d3) ({Predecessor:} 12. b5 Na5 13. d3 Rc8 14. Bg5 h6 15. Bd2 b6 16. Nc2 Qd7 17. Nb4 f4 18. Nbd5 {1-0 (43) Modler,A (2279)-Wagner,C (2264) Switzerland 2017}) 12... Bf7 $11 (12... Nxd5 $2 13. cxd5 Bf7 14. dxc6 $18) 13. Nc2 (13. Bxf7+ $1 $11 {keeps the balance.} Rxf7 14. b5) 13... Nxd5 $17 14. Nxd5 Ne7 15. Nxe7+ Qxe7 16. Na3 (16. d3 $142) 16... d5 17. d3 e4 (17... f4 $17 {Black wants to play ...Rad8.} 18. Bb2 Be6) 18. c5 $11 d4 19. Bf4 Be5 {[%emt 0:04:07] Against Bd6} 20. Qc1 a6 (20... Bxf4 $11 {remains equal.} 21. Qxf4 a6) 21. Bxe5 $16 Qxe5 22. Nc4 Qc7 (22... Bxc4 $16 23. Qxc4+ Kg7) 23. Nd6 (23. dxe4 $18 fxe4 24. Nd6) 23... exd3 24. exd3 Qc6 {[%emt 0:00:48] [#]} (24... a5 $16 {keeps fighting.}) 25. Qf4 $1 $18 Qd5 $2 (25... a5 26. Rfe1 (26. Qxd4 Qd5 $16) 26... axb4) 26. Rfe1 {[%emt 0:00:17] Black must now prevent Re7.} a5 (26... Rad8 {might work better.} 27. Re7 b6) 27. Qe5 $2 (27. Re5 $18 Qa2 28. Rbe1) 27... a4 $16 28. Nxf7 {[%emt 0:00:22] 0x0.00249b13221edp-1022s more active pieces.} (28. Ra1 $16) 28... Qxf7 $14 29. Qxd4 a3 30. Ra1 Rfd8 31. Qh4 {[%emt 0:00:54] Threatens to win with Re7.} Rd7 {[%emt 0:00:30] [#] Prevents Re7.} 32. Re2 (32. b5 $1 $16) 32... Qg7 (32... Kg7 $11) 33. Qc4+ $16 Kh8 $2 {[%emt 0:00:01] [#] This move loses the game for Black.} (33... Qf7 $16) 34. Rxa3 $1 $18 Rad8 (34... Rf8 35. b5) 35. Qe6 h6 (35... Qd4 $142 36. Qc4 Qxc4 37. dxc4 Kg7) 36. Qe5 Qxe5 37. Rxe5 Rxd3 $2 (37... f4 38. gxf4 Kg7) 38. Rxd3 Rxd3 {[%mdl 4096] Endgame KR-KR} 39. Re8+ Kg7 40. Re7+ Kf6 41. Rxb7 Kg5 (41... Rc3 $142 42. Rb6+ Kf7) 42. Kg2 (42. c6 $142 Rc3 43. c7) 42... f4 43. gxf4+ Kxf4 44. c6 h5 45. Rb5 {[%emt 0:00:32] White mates.} h4 46. h3 g5 47. c7 Rc3 48. Rc5 Ke4 {Weighted Error Value: White=0.50/Black=0.72} 1-0

[Event "Portuguese-ch U10-12 2022"]
[Site "Fatima"]
[Date "2022.04.14"]
[Round "7.2"]
[White "Albuquerque, Eduardo Ferreira"]
[Black "Faryma, Matviy"]
[Result "1/2-1/2"]
[ECO "B84"]
[WhiteElo "1828"]
[BlackElo "1426"]
[Annotator "NA"]
[PlyCount "91"]
[EventDate "2022.04.10"]
[EventType "swiss"]
[EventCountry "POR"]
[SourceTitle "playchess.com"]
[Source "ChessBase"]
[SourceQuality "1"]
[TimeControl "5400+30"]

1. e4 c5 2. Nf3 d6 3. d4 cxd4 4. Nxd4 Nf6 5. Nc3 a6 6. Be2 e6 7. Be3 Be7 8. Qd2 Nbd7 (8... O-O $11) 9. O-O-O (9. g4 $16) 9... Qc7 10. Kb1 (10. g4 $16) 10... b5 11. a3 Bb7 12. f3 Ne5 13. g4 Rd8 (13... O-O $11 {keeps the balance.}) 14. g5 Nfd7 15. f4 Nc4 16. Bxc4 Qxc4 17. Rhe1 b4 18. axb4 Qxb4 (18... O-O $142 19. f5 Rfe8) 19. Nb3 ({Better is} 19. f5 $16) 19... Nc5 20. Bxc5 dxc5 21. Qe2 O-O 22. h4 $1 c4 23. Rd4 $2 (23. Na2 $1 $11 Qb5 24. Nc3) 23... Rxd4 24. Nxd4 {[%emt 0:00:08] [#]} Rd8 ({Better is} 24... Rb8 $1 $19 25. Na2 Qb6) 25. Nf3 $1 Bc6 26. Na2 Qc5 27. Ne5 Bb5 28. c3 ({Reject} 28. Qh5 Rf8 29. Rd1 Qf2 $15) (28. Nc3 $11) 28... Bd6 29. Rd1 Ba4 (29... Rb8 $17 30. Nd7 Bxd7) 30. Rd4 Bb5 31. Qd2 ({But not} 31. Qh5 Rf8 32. Qd1 Bxe5 33. fxe5 Qxe5 $17) 31... Qc7 32. h5 Be7 33. g6 (33. h6 $11) 33... fxg6 $1 34. hxg6 h6 $1 35. Nf7 Rxd4 (35... Re8 $15 {might be stronger.}) 36. cxd4 Qc6 37. Qe3 Qb6 38. f5 exf5 39. exf5 Bf6 40. Qe4 Qc6 41. d5 {[%emt 0:00:23] [#]} Qb6 $11 (41... Qe8 $1 $17 42. Qe6 Bd7 43. Nxh6+ Kf8 44. Qd6+ Qe7 45. Qxe7+ (45. Qb8+ $2 Be8 $19) 45... Bxe7) 42. d6 $2 (42. Nc3 $11 Bxc3 43. bxc3) 42... Bc6 43. Qe2 Be4+ 44. Kc1 Qg1+ 45. Kd2 Qd4+ 46. Kc1 1/2-1/2

[Event "Portuguese-ch U10-12 2022"]
[Site "Fatima"]
[Date "2022.04.14"]
[Round "7.3"]
[White "De Sousa Silva, Lucas Jose"]
[Black "Cymbron, Victoria"]
[Result "0-1"]
[ECO "B15"]
[WhiteElo "1656"]
[BlackElo "1494"]
[Annotator "NA RC"]
[PlyCount "54"]
[EventDate "2022.04.10"]
[EventType "swiss"]
[EventCountry "POR"]
[SourceTitle "playchess.com"]
[Source "ChessBase"]
[SourceQuality "1"]
[TimeControl "5400+30"]

1. e4 c6 2. Nc3 d5 3. d4 dxe4 4. Nxe4 Nf6 5. Nxf6+ exf6 6. h3 Be6 7. Nf3 Be7 8. Bd3 Nd7 9. Nh4 Qc7 10. Nf5 Bxf5 11. Bxf5 h6 12. O-O O-O-O 13. c4 g6 14. Bg4 f5 15. Bf3 Bf6 16. Be3 f4 17. Bc1 g5 18. Qa4 Bxd4 19. Rd1 Ne5 20. Be4 Qb6 21. Rf1 h5 22. Rb1 Rdg8 23. b4 g4 24. hxg4 hxg4 25. c5 Nf3+ 26. Bxf3 gxf3 27. g3 Rxg3# 0-1

[Event "Portuguese-ch U10-12 2022"]
[Site "Fatima"]
[Date "2022.04.14"]
[Round "7.4"]
[White "Reis, Joao"]
[Black "Frolov, Ilya"]
[Result "1-0"]
[ECO "B24"]
[WhiteElo "1119"]
[BlackElo "1271"]
[Annotator "NA RC"]
[PlyCount "65"]
[EventDate "2022.04.10"]
[EventType "swiss"]
[EventCountry "POR"]
[SourceTitle "playchess.com"]
[Source "ChessBase"]
[SourceQuality "1"]
[TimeControl "5400+30"]

1. e4 c5 2. Nc3 Nc6 3. Nf3 d6 4. d4 cxd4 5. Nxd4 e5 6. Nb3 Nf6 7. Bg5 Be7 8. Bc4 O-O 9. Bxf6 Bxf6 10. h4 Bxh4 11. Qh5 g6 12. Qh6 Qg5 13. Qxh4 Qxh4 14. Rxh4 Nb4 15. O-O-O Rd8 16. Rdh1 h5 17. f4 exf4 18. Rxf4 Rf8 19. a3 Nc6 20. Nb5 Ne5 21. Bd5 Rd8 22. Rhf1 Rd7 23. Nd2 a6 24. Nc3 Re7 25. Nc4 Be6 26. Bxe6 fxe6 27. Nxd6 b5 28. Rf6 Kg7 29. R6f2 Rd8 30. Rd1 Ng4 31. Re2 Ne5 32. Nf5+ exf5 33. Rxd8 1-0

[Event "Portuguese-ch U10-12 2022"]
[Site "Fatima"]
[Date "2022.04.14"]
[Round "7.5"]
[White "Almeida, Diogo Rodrigues Sant"]
[Black "Nogueira, Rafael Calade"]
[Result "0-1"]
[ECO "B13"]
[WhiteElo "1467"]
[BlackElo "1263"]
[Annotator "NA RC"]
[PlyCount "150"]
[EventDate "2022.04.10"]
[EventType "swiss"]
[EventCountry "POR"]
[SourceTitle "playchess.com"]
[Source "ChessBase"]
[SourceQuality "1"]
[TimeControl "5400+30"]

1. e4 c6 2. d4 d5 3. exd5 cxd5 4. Nf3 Bg4 5. Bb5+ Nc6 6. h3 Bd7 7. O-O Nf6 8. b3 a6 9. Bxc6 Bxc6 10. Ne5 Rc8 11. Ba3 b5 12. Qf3 Qb6 13. Bc5 Qb8 14. Nd2 Bb7 15. Rfe1 e6 16. b4 Bd6 17. Bxd6 Qxd6 18. a3 Rxc2 19. Nb3 Rc7 20. Rac1 O-O 21. Rxc7 Qxc7 22. Rc1 Qd6 23. Qc3 Ne4 24. Qc7 Qxc7 25. Rxc7 Bc8 26. Nc6 Nd6 27. Ne7+ Kh8 28. Nxc8 Rxc8 29. Rxc8+ Nxc8 30. Nc5 Nb6 31. Nxa6 Nc4 32. a4 bxa4 33. b5 a3 34. Nb4 Kg8 35. Kf1 Kf8 36. Ke2 Ke7 37. Kd3 Kd6 38. Na2 Kc7 39. Kc3 Kb6 40. Kb4 e5 41. dxe5 Nxe5 42. Nc3 a2 43. Nxa2 Nd3+ 44. Ka4 Nxf2 45. Nb4 d4 46. Nd5+ Kb7 47. Kb4 d3 48. Kc3 Kc8 49. Ne7+ Kc7 50. Nd5+ Kd6 51. b6 Kc6 52. Nb4+ Kxb6 53. Nxd3 Nxd3 54. Kxd3 Kc5 55. Ke4 Kd6 56. Kf5 Ke7 57. g4 g6+ 58. Kg5 Ke6 59. Kf4 f5 60. g5 Kd5 61. Kf3 Kd4 62. Kf4 Kd5 63. Kf3 Ke5 64. Ke3 f4+ 65. Kf3 Kf5 66. h4 Ke5 67. Kf2 Ke4 68. Ke2 f3+ 69. Kf2 Kf4 70. h5 gxh5 71. g6 hxg6 72. Kf1 h4 73. Kf2 h3 74. Kf1 h2 75. Kf2 g5 0-1

[Event "Portuguese-ch U10-12 2022"]
[Site "Fatima"]
[Date "2022.04.14"]
[Round "7.6"]
[White "Fernandes, Martim"]
[Black "Pinto, Jose Joao Meireles A"]
[Result "1-0"]
[ECO "B12"]
[WhiteElo "1413"]
[BlackElo "1288"]
[Annotator "NA RC"]
[PlyCount "119"]
[EventDate "2022.04.10"]
[EventType "swiss"]
[EventCountry "POR"]
[SourceTitle "playchess.com"]
[Source "ChessBase"]
[SourceQuality "1"]
[TimeControl "5400+30"]

1. e4 c6 2. d4 d5 3. e5 c5 4. Nf3 Nc6 5. c3 e6 6. Be2 cxd4 7. cxd4 Bb4+ 8. Nbd2 Nge7 9. a3 Ba5 10. O-O O-O 11. Nb3 Bb6 12. Bg5 Qd7 13. Nc5 Bxc5 14. dxc5 Ng6 15. Bb5 Qc7 16. Bxc6 bxc6 17. Re1 Rb8 18. b4 a5 19. Qd2 axb4 20. axb4 Bb7 21. h4 Ra8 22. Rab1 Bc8 23. h5 Nxe5 24. Nxe5 f6 25. h6 fxg5 26. Qxg5 Rf5 27. Qxg7+ Qxg7 28. hxg7 Bb7 29. Nf3 Rf6 30. Nd4 Re8 31. Re5 Rf4 32. Rd1 Rf6 33. Rde1 Kf7 34. Rxe6 Rfxe6 35. Rxe6 Rxe6 36. Nxe6 Bc8 37. Nd8+ Kxg7 38. Nxc6 Kf6 39. Kf1 Ba6+ 40. Ke1 Bb7 41. Nd4 Ke5 42. Nf3+ Kf5 43. Kd2 h6 44. Ke3 h5 45. g3 Ba6 46. Nd4+ Ke5 47. b5 Bc8 48. b6 Kf6 49. c6 Ke7 50. b7 Kd8 51. bxc8=Q+ Kxc8 52. Kf4 Kc7 53. Ke5 h4 54. gxh4 Kd8 55. Kd6 Kc8 56. c7 Kb7 57. Kd7 Kb6 58. c8=Q Ka7 59. Qc1 Ka8 60. Kc7 1-0

[Event "Portuguese-ch U10-12 2022"]
[Site "Fatima"]
[Date "2022.04.14"]
[Round "7.7"]
[White "Arbulu Rocha, Miguel"]
[Black "Moldovan, Lucas"]
[Result "1-0"]
[ECO "A15"]
[WhiteElo "1931"]
[BlackElo "1583"]
[Annotator "TA"]
[PlyCount "103"]
[EventDate "2022.04.10"]
[EventType "swiss"]
[EventCountry "POR"]
[SourceTitle "playchess.com"]
[Source "ChessBase"]
[SourceQuality "1"]
[TimeControl "5400+30"]

1. c4 Nf6 2. Nf3 g6 3. g3 Bg7 4. Bg2 O-O 5. O-O c6 6. Nc3 d5 7. cxd5 Nxd5 8. e4 Nb6 {[%emt 0:04:01] A16: English Opening: 1...Nf6 with ...d5.} 9. d3 {[%emt 0:05:35] [#]} Be6 $146 ({Predecessor:} 9... N8d7 10. Be3 h6 11. Qc2 e5 12. Rad1 Qe7 13. b3 Re8 14. h3 Nf6 15. Rfe1 Nbd7 16. d4 exd4 17. Bxd4 {1-0 (38) Boehm,M (2135)-Yi,D (2286) Neustadt an der Weinstrasse 2020}) 10. Be3 Na6 {[%emt 0:05:11] White has an edge.} 11. Qe2 h6 {[%emt 0:04:46] Inhibits Ng5.} (11... Bg4 $11) 12. Rfd1 Qd6 13. Rac1 Qb4 14. Qc2 Rfd8 15. a3 Qb3 16. Ne1 (16. Qb1 $5 Na4 17. d4 $14 (17. Nxa4 Qxa4 18. d4 Rd6 $11)) 16... Qxc2 17. Nxc2 Bb3 18. Rd2 Na4 {[%emt 0:03:09] [#]} (18... e5 $11) 19. Na1 $1 $16 Nxc3 20. bxc3 (20. Nxb3 $16 Nb5 21. d4) 20... Be6 21. d4 Bc4 22. Nc2 Nc7 23. a4 {[%emt 0:04:11] Prevents Nb5.} b6 {[%emt 0:05:54] [#]} (23... Rac8 $14) 24. Nb4 $1 $18 c5 25. Nc6 Rd7 26. f4 e6 27. dxc5 {[%emt 0:03:28] &Bianco is more active.} Rxd2 28. Bxd2 bxc5 (28... Bf8 $16) 29. Be3 Na6 {[%emt 0:00:45] A mistake that costs the game.} (29... e5 $16 30. f5 (30. Nxe5 Bxe5 31. fxe5 Ne6 $16) (30. fxe5 Ne6 $14) 30... Bb3) 30. e5 Kh7 31. Rb1 Rc8 (31... Nc7 $142 32. Na5 (32. Bxc5 Nd5 $18) 32... Bd5) 32. Rb7 Rc7 33. Rxa7 Rxa7 34. Nxa7 Bf8 (34... f6 {is a better defense.} 35. Nc6 g5) 35. Bf1 Bxf1 36. Kxf1 {[%emt 0:00:05][%mdl 4096] Endgame KBN-KBN} c4 37. Nc6 {[%emt 0:00:30] White is clearly winning.} Bc5 (37... Kg7 $142 38. Ke2 Nc7) 38. Bxc5 Nxc5 {[%emt 0:00:36] KN-KN} 39. a5 g5 40. Nb4 Kg6 41. a6 {[%emt 0:00:13] Black must now prevent a7.} Nd7 42. Kf2 Kf5 43. Kf3 gxf4 44. gxf4 f6 45. exf6 {[%emt 0:00:17] Intending a7 and mate.} Kxf6 46. a7 Nb6 47. Na6 Na8 48. Ke4 h5 49. h4 Kg6 50. Ke5 Kf7 51. f5 exf5 52. Kxf5 {[%emt 0:00:05] Weighted Error Value: White=0.18 (very precise) /Black=0.40} 1-0

[Event "Portuguese-ch U10-12 2022"]
[Site "Fatima"]
[Date "2022.04.14"]
[Round "7.8"]
[White "Valente, Sofia"]
[Black "Filipe, Gustavo Castro"]
[Result "1-0"]
[ECO "B76"]
[WhiteElo "1410"]
[BlackElo "1401"]
[Annotator "NA RC"]
[PlyCount "55"]
[EventDate "2022.04.10"]
[EventType "swiss"]
[EventCountry "POR"]
[SourceTitle "playchess.com"]
[Source "ChessBase"]
[SourceQuality "1"]
[TimeControl "5400+30"]

1. e4 c5 2. Nf3 d6 3. d4 cxd4 4. Nxd4 Nf6 5. Nc3 g6 6. Be3 Bg7 7. f3 O-O 8. Qd2 Nc6 9. g4 Ne5 10. h4 Bd7 11. h5 Rc8 12. hxg6 fxg6 13. Bh6 Nc4 14. Bxc4+ Rxc4 15. Bxg7 Kxg7 16. Qh6+ Kg8 17. Nd5 Rf7 18. Nxf6+ exf6 19. c3 Qb6 20. O-O-O Qa5 21. Kb1 b5 22. Rh2 b4 23. Rdh1 bxc3 24. Qxg6+ Rg7 25. Qxf6 Qb6 26. Ne6 c2+ 27. Rxc2 Rf7 28. Qg5+ 1-0